 Dungeon Crawl Stone Soup version 0.30-a0-169-g06f667207d (webtiles) character file.

Game seed: 1504934399385087244

277 Decritt the Purveyor of Pain (level 6, -3/35 HPs)
             Began as a Deep Elf Necromancer on Sept 29, 2022.
             Was an Initiate of Kikubaaqudgha.
             Slain by Menkaure (19 damage)
             ... on level 3 of the Dungeon on Sept 30, 2022.
             The game lasted 00:14:43 (4037 turns).

Decritt the Purveyor of Pain (Deep Elf Necromancer) Turns: 4037, Time: 00:14:43

Health: -3/35      AC:  4    Str: 11    XL:     6   Next: 4%
Magic:  0/14       EV: 13    Int: 22    God:    Kikubaaqudgha [......]
Gold:   159        SH:  0    Dex: 15    Spells: 6/14 levels left

rFire   . . .      SeeInvis .    e - +2 dagger (venom)
rCold   . . .      Faith    .    (no shield)
rNeg    . . .      Spirit   +    a - +0 robe
rPois   .          Reflect  .    d - +0 helmet
rElec   .          Harm     .    (no cloak)
rCorr   .          Rampage  .    q - +0 pair of gloves
Will    .....                    (no boots)
Stlth   ++........               n - amulet of guardian spirit
HPRegen 0.11/turn                l - +6 ring of strength
MPRegen 0.14/turn                (no ring)

@: no status effects
A: no striking features
a: Renounce Religion


You were on level 3 of the Dungeon.
You worshipped Kikubaaqudgha.
Kikubaaqudgha was noncommittal.
You visited 1 branch of the dungeon, and saw 4 of its levels.

You collected 159 gold pieces.

Inventory:

Hand Weapons
 c - a +4 short sword
 e - a +2 dagger of venom (weapon)
Armour
 a - a +0 robe (worn)
 d - a +0 helmet (worn)
 q - a +0 pair of gloves (worn)
Jewellery
 l - a +6 ring of strength (left hand)
 n - an amulet of guardian spirit (around neck)
Scrolls
 b - a scroll of enchant armour {unknown}
 f - 4 scrolls of fog
 i - 2 scrolls of magic mapping {unknown}
 k - 2 scrolls of poison
 p - a scroll of enchant weapon {unknown}
 r - a scroll of immolation {unknown}
Potions
 g - a potion of haste {unknown}
 h - 2 potions of curing
 j - a potion of invisibility
 o - a potion of resistance {unknown}


   Skills:
 + Level 1.9 Fighting
 + Level 4.0 Dodging
 - Level 2.8 Stealth
 + Level 4.5 Spellcasting
 * Level 6.6 Necromancy


You had 6 spell levels left.
You knew the following spells:

 Your Spells              Type           Power      Damage    Failure   Level
a - Necrotise             Necr           100%       1d9       1%          1
b - Vampiric Draining     Necr           34%        2d8       1%          3
c - Animate Dead          Necr           34%        N/A       7%          4

Your spell library contained the following spells:

 Spells                   Type           Power      Damage    Failure   Level
 Blink                    Tloc           10%        N/A       16%         2
 Ensorcelled Hibernation  Hex/Ice        10%        N/A       16%         2
 Momentum Strike          Conj/Tloc      10%        3d8       16%         2
 Passwall                 Tmut/Erth      4%         N/A       16%         2
 Agony                    Necr           34%        N/A       19%         5
 Lesser Beckoning         Tloc           5%         N/A       32%         3
 Swiftness                Air            5%         N/A       32%         3


Dungeon Overview and Level Annotations

Branches:
Dungeon (4/15)
 Temple: D:4-7

Altars:
Kikubaaqudgha
Ru
Uskayaw

Annotations:
D:3 Menkaure


Message History

Aiming: Necrotise (safe; 1% risk of failure)
Press: ? - help, Shift-Dir - straight line, f/p - goblin
Aim: a goblin, wielding a +0 dagger (chance to affect: 93%)
The goblin writhes in agony!
You kill the goblin!
Kikubaaqudgha accepts your kill.
The dead are walking!
Menkaure calls on the powers of darkness!
Your body is wracked with pain!
Menkaure casts a spell at you.
You struggle to resist.
Menkaure misses you.
Casting: Necrotise (safe; 1% risk of failure)
Confirm with . or Enter, or press ? or * to list all spells.
You can't see any susceptible monsters within range! (Use Z to cast anyway.)
Casting: Necrotise (safe; 1% risk of failure)
Confirm with . or Enter, or press ? or * to list all spells.
You can't see any susceptible monsters within range! (Use Z to cast anyway.)
Casting: Necrotise (safe; 1% risk of failure)
Confirm with . or Enter, or press ? or * to list all spells.
You can't see any susceptible monsters within range! (Use Z to cast anyway.)
Your goblin skeleton hits Menkaure but does no damage.
Menkaure attacks as you move away! Menkaure misses you.
There is a stone staircase leading up here.
Casting: Necrotise (safe; 1% risk of failure)
Confirm with . or Enter, or press ? or * to list all spells.
You can't see any susceptible monsters within range! (Use Z to cast anyway.) Menkaure hits you!!
* * * LOW HITPOINT WARNING * * *
Your goblin skeleton barely misses Menkaure.
You climb upwards.
There is a stone staircase leading down here.
You feel much better.
Menkaure calls on the powers of darkness!
Your body is wracked with pain!
* * * LOW HITPOINT WARNING * * *
Menkaure hits you!!
Ouch! That really hurt!
You die...
Kikubaaqudgha rasps: "You have failed me!
Welcome... death!"

.).).##......#.#........#......#
.##.###........#######)##.....)#
.'....#.....##..#####..##....<.#
.##.#.####......##.....##......#
###.#.#######........####......#
# #.#.......#..#...#############
# #.###.....(............# # #.#
#..........M.......# # #.#
#.........@........# # #.#
#..................# # #.#
#..................# #
#.#######.####.........#
###.....###.####.........#
........'.....############
........###...# ....#'#...#...#
....#.#.#.#...#


You could see Menkaure (fast).

Vanquished Creatures
  A hound (D:4)
  A gnoll bouda (D:2)
  An iguana (D:4)
  6 gnolls
  2 adders (D:3)
  2 worms
  3 dart slugs
  6 orcs
  7 endoplasms
  3 giant cockroaches
  9 goblins
  5 hobgoblins
  6 kobolds
  6 quokkas
  9 ball pythons
  8 bats
  3 frilled lizards
  10 rats
88 creatures vanquished.

Vanquished Creatures (collateral kills)
  An ufetubus (D:4)
  A ball python (D:2)
  4 endoplasms
  A hobgoblin (D:2)
7 creatures vanquished.

Vanquished Creatures (others)
  A gnoll zombie (D:3)
  A ball python zombie (D:4)
  An endoplasm zombie (D:4)
  An orc zombie (D:4)
  6 fungi (D:3)
10 creatures vanquished.

Grand Total: 105 creatures vanquished

Notes
Turn   | Place    | Note
-------+----------+-------------------------------------------
     0 | D:1      | Decritt the Deep Elf Necromancer began the quest for the
                  | Orb.
     0 | D:1      | Reached XP level 1. HP: 10/10 MP: 6/6
   211 | D:1      | Reached skill level 5 in Necromancy
   211 | D:1      | Reached XP level 2. HP: 14/16 MP: 4/8
   637 | D:1      | Reached XP level 3. HP: 20/20 MP: 4/9
   838 | D:1      | Upgraded the game from 0.30-a0-166-g5d06c95188 to
                  | 0.30-a0-169-g06f667207d
  1023 | D:1      | Reached skill level 1 in Fighting
  1278 | D:2      | Found a faded altar of an unknown god.
  1551 | D:2      | Reached XP level 4. HP: 25/25 MP: 9/11
  1555 | D:2      | Learned a level 3 spell: Vampiric Draining
  1560 | D:2      | Learned a level 4 spell: Animate Dead
  2194 | D:2      | Reached skill level 6 in Necromancy
  2194 | D:2      | Reached XP level 5. HP: 16/29 MP: 4/13
  2474 | D:3      | Found a sacrificial altar of Ru.
  2734 | D:3      | Found an ancient bone altar of Kikubaaqudgha.
  3209 | D:3      | Became a worshipper of Kikubaaqudgha
  3593 | D:4      | Reached XP level 6. HP: 35/35 MP: 12/14
  3671 | D:4      | Found a hide-covered altar of Uskayaw.
  3678 | D:4      | Noticed Menkaure
  4037 | D:3      | Slain by Menkaure

Illustrated notes

Levels and vault maps discovered:
D:1:      nzn_arrival_water_spiral, layout_loops_corners,
          hangedman_decor_diamond_cutter
D:2:      layout_basic, shapermc_ecumenical_altar_mp_highgroup
D:3:      layout_basic, mainiacjoe_overflow_boulevard,
          mainiacjoe_overflow_catwalk
D:4:      layout_rooms, nicolae_uskayaw_dance_hall, uniq_menkaure

Skill      XL: |  1  2  3  4  5 |
---------------+----------------+-----
Necromancy     | 5 6 |  6.6
Dodging        | 3 4 |  4.0
Fighting       | 1 |  1.9
Spellcasting   | 4 |  4.5
Stealth        | |  2.8

Action                   |  1- 3 |  4- 6 || total
-------------------------+-------+-------++-------
Melee: Dagger            |     3 |     1 ||     4
 Cast: Necrotise         |    63 |    74 ||   137
       Vampiric Draining |       |    15 ||    15
       Animate Dead      |       |     4 ||     4
  Use: Potion            |       |     2 ||     2
       Scroll            |       |     5 ||     5
Armor: Robe              |     8 |     4 ||    12
Dodge: Dodged            |    20 |    28 ||    48

Table legend: (Time is in decaauts)
 A = Elapsed time spent in this place.
 B = Non-inter-level travel time spent in this place.
 C = Inter-level travel time spent in this place.
 D = Time resting spent in this place.
 E = Time spent auto-exploring this place.
 F = Levels seen in this place.
 G = Mean time per level.
                   A        B        C        D        E       F      G
               +--------+--------+--------+--------+--------+-----+--------+
         Total |   4044 |   4013 |     31 |    723 |   2430 |   4 | 1011.0 |
       Dungeon |   4044 |   4013 |     31 |    723 |   2430 |   4 | 1011.0 |
               +--------+--------+--------+--------+--------+-----+--------+

Top non-repeatable levels by time:
     D:1: 1276 daAuts
     D:3: 1268 daAuts
     D:2: 1007 daAuts
     D:4: 491 daAuts
